AoeStats
← ZUCH

Arabia

505409163Analyzed
1v1 RM · 22d ago on Sep 9, 2026· 49m 15s· 2 players
Game mode
Random Map
Map size
Tiny (2 player)
Population
200
Speed
Normal
Resources
Standard
Victory
Conquest
Starting age
Dark Age
Ending age
Imperial Age
RankedLock teamsTeams togetherTeam positionsShared explorationLock speedFull tech treeHidden civsTurbo modeCheats
Victory
Defeat
🇵🇱 Britons · Poland
1275
+15
🇫🇮 Britons · Finland
1264
-15
tenkane
6:48 Loom
7:28 Loom
10:18 Feudal Age
14:56 Fletching
15:07 Padded Archer Armor
25:36 Castle Age
24:07 Gold Mining
24:16 Double-Bit Axe
25:20 Stone Mining
25:39 Crossbowman
25:44 Elite Skirmisher
27:19 Gold Shaft Mining
26:53 Bodkin Arrow
31:56 Leather Archer Armor
36:30 Horse Collar
39:11 Ballistics
41:52 Heavy Plow
44:16 Wheelbarrow
47:40 Imperial Age
44:56 Town Watch
46:27 Forging
46:34 Hand Cart
47:45 Arbalester
48:52 Bracer
49:23 Ring Archer Armor
49:57 Chemistry
48:34 Arbalester
ZUCH
6:22 Loom
8:52 Feudal Age
9:03 Man-at-Arms
18:45 Horse Collar
18:51 Double-Bit Axe
18:57 Gold Mining
22:15 Castle Age
20:46 Fletching
20:58 Double-Bit Axe
21:36 Padded Archer Armor
21:40 Horse Collar
22:19 Crossbowman
23:18 Bodkin Arrow
24:10 Town Watch
25:39 Leather Archer Armor
25:36 Gold Mining
26:19 Ballistics
29:19 Wheelbarrow
29:14 Bow Saw
29:42 Gold Shaft Mining
36:20 Hand Cart
37:13 Stone Mining
41:07 Imperial Age
43:45 Arbalester
44:31 Bracer
45:34 Chemistry
45:43 Conscription
44:51 Elite Longbowman
46:10 Ring Archer Armor
Connection lost

Rejoining the realm…

Still unreachable

The connection could not be restored.

Session expired

The server has moved on; the page needs a fresh start.